 Dungeon Sprint DCSS version 0.31-a0-152-g6aa68a64a1 (webtiles) character file.

Game seed: 16165584285172775856

299705 Conn the Scorcher (level 14, 71/81 HPs)
             Began as an Octopode Fire Elementalist on June 10, 2023.
             Was a High Priest of Sif Muna.
             Escaped with the Orb!
             The game lasted 01:24:00 (6449 turns).

Conn the Scorcher (Octopode Fire Elementalist)      Turns: 6449, Time: 01:24:01

Health: 71/81      AC:  5    Str: 13    XL:     14   Next: 34%
Magic:  16/46      EV: 16    Int: 27    God:    Sif Muna [*****.]
Gold:   1500       SH:  5    Dex: 12    Spells: 3/52 levels left

rFire   + + +        t - staff of fire
rCold   + + .        B - +0 buckler "Xoloicepn" {rPois}
rNeg    + . .        (helmet restricted)
rPois   +            y - amulet of guardian spirit
rElec   .            n - ring of fire
rCorr   .            o - ring of Quavod {rC+ Str+4 Int+6}
SInv    .            m - +4 ring of protection
Will    ++...        q - ring of magical power
Stlth   +++          j - ring of Shadows {Umbra +Inv Stlth+}
HPRegen 0.33/turn    v - ring of protection from cold
MPRegen 0.30/turn    w - ring "Tefreth" {rPois rF+ rC+ rN+ Dex+2 Stlth+}
                     x - ring of willpower

%: no teleportation, clarity, guardian spirit
@: wreathed by umbra
A: almost no armour, amphibious, 8 rings, camouflage 1, gelatinous body 1,
(nimble swimmer 1), tentacles, clarity, clumsy 1, wild magic 1, inability to
drink after injury 2
0: Orb of Zot
a: Renounce Religion, Evoke Invisibility, Channel Magic, Forget Spell, Divine
Exegesis


You escaped.
You worshipped Sif Muna.
Sif Muna was extremely pleased with you.
You visited 1 branch You collected 6502 gold pieces.
You spent 5002 gold pieces at shops.

Inventory:

Hand Weapons
 d - the +6 shillelagh "Devastator" {shatter}
   (You found it in the Dungeon)
 g - a +4 club
 h - a +1 short sword of distortion
 l - the +3 shortbow "Sadefra" {drain, rF++ rN+}
   (You found it in the Dungeon)

   rF:        It greatly protects you from fire.
   rN:        It protects you from negative energy.
Missiles
 s - a curare-tipped dart
Armour
 B - the +0 buckler "Xoloicepn" (worn) {rPois}
   (You acquired it in the Dungeon)

   rPois:     It protects you from poison.
Magical Staves
 t - a staff of fire (weapon)
Jewellery
 i - a ring of positive energy
 j - the ring of Shadows (on tentacle) {Umbra +Inv Stlth+}
   (You found it in the Dungeon)

   [ring of stealth]

   Umbra:     It surrounds you with an aura of shadow, increasing your stealth
   and reducing the accuracy of all others within it.
   +Inv:      It lets you turn invisible.
   Stlth:     It makes you more stealthy.
 m - a +4 ring of protection (on tentacle)
 n - a ring of fire (left tentacle)
 o - the ring of Quavod (right tentacle) {rC+ Str+4 Int+6}
   (You bought it in a shop in the Dungeon)

   [ring of intelligence]

   Str:       It affects your strength (+4).
   Int:       It affects your intelligence (+6).
   rC:        It protects you from cold.
 q - a ring of magical power (on tentacle)
 v - a ring of protection from cold (on tentacle)
 w - the ring "Tefreth" (on tentacle) {rPois rF+ rC+ rN+ Dex+2 Stlth+}
   (You took it off a deep elf master archer in the Dungeon)

   [ring of poison resistance]

   Dex:       It affects your dexterity (+2).
   rF:        It protects you from fire.
   rC:        It protects you from cold.
   rPois:     It protects you from poison.
   rN:        It protects you from negative energy.
   Stlth:     It makes you more stealthy.
 x - a ring of willpower (on tentacle)
 y - an amulet of guardian spirit (around mantle)
 z - a ring of magical power
 A - a +6 ring of dexterity
Wands
 c - a wand of digging (4)
 e - a wand of charming (6)
 p - a wand of quicksilver (4)
Scrolls
 r - 2 scrolls of fog
 u - a scroll of silence
 C - a scroll of fear
 E - a scroll of poison
 G - a scroll of blinking
 H - a scroll of vulnerability
Potions
 a - a potion of brilliance
 b - 6 potions of curing
 f - a potion of ambrosia
 D - a potion of lignification
 I - a potion of might
 K - a potion of attraction
Miscellaneous
 k - a phantom mirror


   Skills:
 - Level 2.1 Fighting
 - Level 1.4 Ranged Weapons
 - Level 1.2 Throwing
 + Level 9.5 Dodging
 - Level 6.9 Stealth
 * Level 6.4 Shields
 + Level 19.8 Spellcasting
 * Level 15.5 Conjurations
 - Level 7.1 Hexes
 + Level 20.9 Fire Magic
 - Level 4.0 Ice Magic
 - Level 1.1 Air Magic
 - Level 0.5 Earth Magic
 - Level 0.7 Poison Magic
 - Level 15.8 Invocations
 - Level 2.5 Evocations


You had 3 spell levels left.
You knew the following spells:

 Your Spells              Type           Power      Damage    Failure   Level
a - Foxfire               Conj/Fire      100%       2x1d9     1%          1
b - Scorch                Fire           100%       2d9       1%          2
c - Ozocubu's Armour      Ice            59%        N/A       2%          3
d - Flame Wave            Conj/Fire      100%       2d21      1%          4
e - Mephitic Cloud        Conj/Pois/Air  66%        N/A       1%          3
f - Ignite Poison         Fire/Tmut/Pois 100%       N/A       1%          3
g - Ignition              Fire           79%        3d21      4%          8
h - Starburst             Conj/Fire      76%        6d19      1%          6
i - Stone Arrow           Conj/Erth      100%       3d13      1%          3
j - Orb of Destruction    Conj           48%        9d13      5%          7
k - Fireball              Conj/Fire      76%        3d28      1%          5
l - Iskenderun's Mystic   Conj/Tloc      73%        2d15      1%          4

Your spell library contained the following spells:

 Spells                   Type           Power      Damage    Failure   Level
 Magic Dart               Conj           100%       1d8       1%          1
 Shock                    Conj/Air       100%       1d9       1%          1
 Slow                     Hex            100%       N/A       1%          1
 Searing Ray              Conj           100%       2d8       1%          2
 Confusing Touch          Hex            71%        N/A       1%          3
 Dazzling Flash           Conj/Hex       100%       N/A       1%          3
 Inner Flame              Hex/Fire       100%       N/A       1%          3
 Volatile Blastmotes      Fire/Tloc      100%       2d18      1%          3
 Apportation              Tloc           68%        N/A       3%          1
 Poisonous Vapours        Pois/Air       82%        N/A       3%          2
 Cigotuvi's Dreadful Rot  Necr/Pois/Air  78%        N/A       4%          2
 Passwall                 Tmut/Erth      30%        N/A       4%          2
 Vhi's Electric Charge    Tloc/Air       76%        N/A       8%          3
 Fulminant Prism          Conj/Hex       42%        3d19      1%          4
 Sticky Flame             Conj/Fire      100%       2d11      1%          4
 Arcjolt                  Conj/Air       37%        1d47      3%          5
 Irradiate                Conj/Tmut      36%        3d23      4%          5
 Freezing Cloud           Conj/Ice/Air   35%        6-21      5%          5
 Metabolic Englaciation   Hex/Ice        32%        N/A       9%          5
 Ice Form                 Ice/Tmut       49%        N/A       13%         4
 Leda's Unmaking          Conj/Erth      37%        9d6       17%         6
 Animate Dead             Necr           34%        N/A       28%         4
 Dispel Undead            Necr           34%        3d15      28%         4
 Lee's Rapid Deconstruct  Erth           19%        3d11*     50%         5
 Agony                    Necr           34%        N/A       58%         5
 Spellforged Servitor     Conj/Summ      36%        N/A       65%         7
 Fire Storm               Conj/Fire      76%        8d19      82%         9
 Simulacrum               Ice/Necr       24%        N/A       86%         6
 Eringya's Noxious Bog    Tmut/Pois      18%        N/A       97%         6
 Statue Form              Tmut/Erth      24%        N/A       97%         6
 Death Channel            Necr           17%        N/A       98%         6
 Dispersal                Tloc           17%        N/A       98%         6
 Lehudib's Crystal Spear  Conj/Erth      37%        10d9      99%         8
 Haunt                    Necr/Summ      17%        N/A       100%        7
 Borgnjor's Revivificati  Necr           17%        N/A       100%        8
 Infestation              Necr           17%        N/A       100%        8
 Chain Lightning          Conj/Air       37%        3d50      100%        9


Dungeon Overview and Level Annotations

Branches:
Dungeon (1/1)

Altars:
Cheibriados
Dithmenos
Elyvilon
Fedhas
Gozag
Hepliaklqana
Kikubaaqudgha
Makhleb
Nemelex Xobeh
Okawaru
Qazlal
Ru
Sif Muna
Trog
Uskayaw
Vehumet
Wu Jian
Xom
Yredelemnul
Zin
The Shining One
Jiyva
Lugonu

Shops:
D :[((?:***!**=*(!(?[[:*


Innate Abilities, Weirdness & Mutations

You cannot wear most types of armour.
You are amphibious.
You can wear up to eight rings at the same time.
Your skin changes colour to match your surroundings (Stealth+).
Your rubbery body absorbs attacks. (AC +1, EV +1)
((You are camouflaged when in or above water. (Stealth+)))
You have tentacles for arms and can constrict up to eight enemies at once.
You possess an exceptional clarity of mind.
You are clumsy. (Dex -2)
Your spells are a little harder to cast, but a little more powerful.
You sometimes lose the ability to drink potions when taking damage.


Message History

The Orb Guardian is engulfed in noxious fumes.
The Orb Guardian hits you!!!
Casting: Starburst (dangerous; 1% risk of failure)
Confirm with . or Enter, or press ? or * to list all spells.
Casting: Starburst (dangerous; 1% risk of failure)
Press: ? - help, Dir - look around, f - activate You feel a strong surge of power!
The bolt of fire hits the Orb Guardian!!!
You kill the Orb Guardian!
Sif Muna accepts your kill.
Your Shields skill increases to level 6!
You start resting.
A hellwing comes into view.
Casting: Starburst (dangerous; 1% risk of failure)
Confirm with . or Enter, or press ? or * to list all spells.
You can't see any susceptible monsters within range! (Use Z to cast anyway.)
Casting: Starburst (dangerous; 1% risk of failure)
Confirm with . or Enter, or press ? or * to list all spells.
Casting: Starburst (dangerous; 1% risk of failure)
Press: ? - help, Dir - look around, f - activate You feel a strong surge of power!
The bolt of fire misses the hellwing.
Casting: Starburst (dangerous; 1% risk of failure)
Confirm with . or Enter, or press ? or * to list all spells.
Casting: Starburst (dangerous; 1% risk of failure)
Press: ? - help, Dir - look around, f - activate You feel a strong surge of power!
The bolt of fire hits the hellwing!!!
You kill the hellwing!
Sif Muna accepts your kill.
You see here a book of Blasting.
Sif Muna grants you a gift!
You pick up a book of Blasting and begin reading...
You add the spells Fulminant Prism and Lee's Rapid Deconstruction to your library.
Okay, then.
You start resting.
An Orphudar and a lich come into view.
Press: ? - help, v - describe, . - travel
Here: Orphudar (umbra)
The floor, spattered with blood.
Unknown command.
You have escaped!

##################
#@.#.['..#..'..#__
#&.'..#..').#..'..
#..#####'#####'#__
#†.####..#...#.###
#.L#__####..##(#§§
#.)#_____##'#_§'~§
#⌠⌠#_.∩...'..._#§§
#..._..__##_.#'##§
#..#_____###'#.#.§


You could see Orphudar and a lich (wandering).

Vanquished Creatures
  Lom Lobon (D)
  Tiamat (D)
  the Lernaean hydra (D)
  A golden dragon (D)
  A hellephant (D)
  An Ice Fiend (D)
  2 Orb Guardians (D)
  A deep elf master archer (D)
  A shadow dragon (D)
  A daeva (D)
  4 fire giants (D)
  A lorocyproca (D)
  A deep elf annihilator (D)
  A mummy priest (D)
  A hydra (D)
  2 centaur warriors (D)
  A sun demon (D)
  4 demonic crawlers (D)
  2 soul eaters (D)
  A deep troll (D)
  A lindwurm (D)
  7 shining eyes (D)
  2 oklob plants (D)
  2 gargoyles (D)
  2 merfolk sirens (D)
  A smoke demon (D)
  2 kobold demonologists (D)
  7 unseen horrors (D)
  4 hellwings (D)
  A meliai (D)
  5 hornets (D)
  A slime creature (D)
  Sigmund (D)
  A yak (D)
  2 redbacks (D)
  13 hogs (D)
  5 floating eyes (D)
  An ogre (D)
  7 necrophages (D)
  8 jellies (D)
  Ijyb (D)
  2 ballistomycete spores (D)
105 creatures vanquished.

Vanquished Creatures (collateral kills)
  A shining eye (D)
  2 floating eyes (D)
3 creatures vanquished.

Vanquished Creatures (others)
  Sonja (D)
  8 ball lightnings (D)
  4 fire vortices (D)
  81 foxfires (D)
94 creatures vanquished.

Grand Total: 202 creatures vanquished

Notes
Turn   | Place    | Note
-------+----------+-------------------------------------------
     0 | D        | Conn the Octopode Fire Elementalist began the quest for the
                  | Orb.
     0 | D        | Reached XP level 1. HP: 11/11 MP: 3/3
     1 | D        | Noticed Ijyb
    17 | D        | Killed Ijyb
    18 | D        | Reached skill level 5 in Fire Magic
    18 | D        | Reached XP level 2. HP: 8/17 MP: 3/5
    18 | D        | Reached XP level 3. HP: 10/21 MP: 4/7
    77 | D        | Learned a level 2 spell: Scorch
    81 | D        | Learned a level 3 spell: Inner Flame
    86 | D        | Noticed an ogre
    98 | D        | Killed an ogre
    99 | D        | Reached skill level 7 in Fire Magic
    99 | D        | Reached XP level 4. HP: 8/27 MP: 5/10
    99 | D        | Reached XP level 5. HP: 10/31 MP: 5/11
   188 | D        | Learned a level 4 spell: Flame Wave
   188 | D        | Noticed Sigmund
   191 | D        | Killed Sigmund
   192 | D        | Reached skill level 5 in Spellcasting
   192 | D        | Reached skill level 5 in Conjurations
   192 | D        | Reached skill level 1 in Hexes
   192 | D        | Reached skill level 9 in Fire Magic
   192 | D        | Reached XP level 6. HP: 36/36 MP: 6/14
   260 | D        | Found an ornate altar of the Wu Jian Council.
   260 | D        | Found a shimmering blue altar of Sif Muna.
   262 | D        | Found a radiant altar of Vehumet.
   276 | D        | Became a worshipper of Sif Muna the Loreminder
   302 | D        | Found Reachaf's Antique Weapon Emporium.
   302 | D        | Found an ancient bone altar of Kikubaaqudgha.
   302 | D        | Found a hazy altar of Hepliaklqana.
   302 | D        | Found a stormy altar of Qazlal.
   302 | D        | Found a hide-covered altar of Uskayaw.
   302 | D        | Found a blossoming altar of Fedhas.
   302 | D        | Found a bloodstained altar of Trog.
   302 | D        | Found an iron altar of Okawaru.
   302 | D        | Found a basalt altar of Yredelemnul.
   302 | D        | Found a glowing golden altar of the Shining One.
   302 | D        | Found a snail-covered altar of Cheibriados.
   302 | D        | Found a sacrificial altar of Ru.
   302 | D        | Found a glowing silver altar of Zin.
   302 | D        | Found a shadowy altar of Dithmenos.
   302 | D        | Found a white marble altar of Elyvilon.
   302 | D        | Noticed a yak
   310 | D        | Killed a yak
   311 | D        | Reached skill level 10 in Fire Magic
   311 | D        | Reached XP level 7. HP: 20/41 MP: 2/16
   313 | D        | Found an opulent altar of Gozag.
   314 | D        | Found a sparkling altar of Nemelex Xobeh.
   400 | D        | Noticed Sonja
   405 | D        | Noticed a centaur warrior
   405 | D        | Noticed a centaur warrior
   425 | D        | Killed a centaur warrior
   426 | D        | Reached skill level 5 in Dodging
   426 | D        | Reached skill level 11 in Fire Magic
   426 | D        | Reached XP level 8. HP: 38/47 MP: 7/20
   426 | D        | Your ally Sonja died
   442 | D        | Found Zixong's Book Boutique.
   444 | D        | Noticed a shining eye
   444 | D        | Noticed a shining eye
   444 | D        | Noticed a shining eye
   446 | D        | Reached * piety under Sif Muna
   447 | D        | Reached skill level 12 in Fire Magic
   448 | D        | Noticed a shining eye
   450 | D        | Killed a shining eye
   451 | D        | Reached skill level 1 in Evocations
   451 | D        | Gained mutation: You are dopey. (Int -2) [a shining eye]
   457 | D        | Killed a shining eye
   457 | D        | Reached ** piety under Sif Muna
   458 | D        | Reached skill level 1 in Fighting
   458 | D        | Reached skill level 10 in Spellcasting
   458 | D        | Reached skill level 13 in Fire Magic
   458 | D        | Reached XP level 9. HP: 53/53 MP: 14/23
   461 | D        | Killed a shining eye
   461 | D        | Killed a centaur warrior
   462 | D        | Reached skill level 10 in Conjurations
   462 | D        | Reached skill level 14 in Fire Magic
   463 | D        | Noticed a shining eye
   466 | D        | Gained mutation: You are clumsy. (Dex -2) [a shining eye]
   469 | D        | Killed a shining eye
   469 | D        | Reached *** piety under Sif Muna
   470 | D        | Reached XP level 10. HP: 37/59 MP: 4/25
   680 | D        | Noticed a shining eye
   684 | D        | Paralysed by a floating eye for 4 turns
   691 | D        | Paralysed by a floating eye for 4 turns
   704 | D        | Paralysed by a floating eye for 2 turns
   713 | D        | Paralysed by a floating eye for 2 turns
   717 | D        | Paralysed by a floating eye for 4 turns
   729 | D        | Paralysed by a floating eye for 4 turns
   738 | D        | Paralysed by a floating eye for 2 turns
   740 | D        | Killed a shining eye
   741 | D        | Paralysed by a floating eye for 3 turns
   743 | D        | Killed a shining eye
   744 | D        | Reached skill level 5 in Hexes
   744 | D        | Reached skill level 15 in Fire Magic
   744 | D        | Reached skill level 1 in Invocations
   831 | D        | Noticed a shining eye
   831 | D        | Noticed a shining eye
   834 | D        | Gained mutation: You occasionally shout uncontrollably at
                  | your foes. [a shining eye]
   856 | D        | Killed a shining eye
   856 | D        | Reached **** piety under Sif Muna
   929 | D        | Noticed a deep troll
   937 | D        | Killed a deep troll
   951 | D        | Found Yrhiull's Armour Emporium.
  1128 | D        | Noticed an oklob plant
  1131 | D        | Killed an oklob plant
  1174 | D        | Reached ***** piety under Sif Muna
  1174 | D        | Received a gift from Sif Muna
  1178 | D        | Got Sif Muna's Vellum of the Variable Lungs {god gift}
  1183 | D        | Learned a level 3 spell: Mephitic Cloud
  1187 | D        | Learned a level 3 spell: Ignite Poison
  1242 | D        | Killed an unseen horror
  1243 | D        | Reached skill level 1 in Throwing
  1248 | D        | Killed an unseen horror
  1249 | D        | Reached XP level 11. HP: 54/63 MP: 6/28
  1470 | D        | Received a gift from Sif Muna
  1478 | D        | Got Sif Muna's Precepts of Incineration {god gift}
  1488 | D        | Found Gathroqump's Assorted Antiques.
  1491 | D        | Found Meafuor's Magic Scroll Boutique.
  1491 | D        | Found Zuister's General Store.
  1491 | D        | Found Etwot's Antique Armour Emporium.
  1492 | D        | Found Axzeagya's General Store.
  1493 | D        | Found Kimamp's Book Emporium.
  1508 | D        | Identified the +3 shortbow "Sadefra" {drain, rF++ rN+}
  1544 | D        | Reached skill level 16 in Fire Magic
  1580 | D        | Found Qukhykes's Weapon Boutique.
  1580 | D        | Found Juhaw's Distillery.
  1580 | D        | Found Loaju's Antique Weapon Shop.
  1580 | D        | Found Ejale's Assorted Antiques.
  1580 | D        | Found Anavvil's Jewellery Boutique.
  1580 | D        | Found Taig's Assorted Antiques.
  1580 | D        | Found Sent's General Store.
  1581 | D        | Bought a scroll of butterflies for 52 gold pieces
  1583 | D        | Found Daem Ohe's Distillery.
  1598 | D        | Bought a ring of fire for 250 gold pieces
  1601 | D        | Bought the ring of Quavod {rC+ Str+4 Int+6} for 817 gold
                  | pieces
  1620 | D        | Bought a bronze wand for 112 gold pieces
  1706 | D        | Learned a level 8 spell: Ignition
  1706 | D        | Found a burning altar of Makhleb.
  1706 | D        | Found a viscous altar of Jiyva.
  1706 | D        | Found a shimmering altar of Xom.
  1706 | D        | Found a corrupted altar of Lugonu.
  1778 | D        | Received a gift from Sif Muna
  1782 | D        | Got Sif Muna's Grimoire of Immolation and Momentum {god
                  | gift}
  1790 | D        | Learned a level 6 spell: Starburst
  1858 | D        | Noticed a demonic crawler
  1858 | D        | Noticed a demonic crawler
  1858 | D        | Noticed a demonic crawler
  1858 | D        | Noticed a demonic crawler
  1865 | D        | Killed a demonic crawler
  1866 | D        | Killed a demonic crawler
  1867 | D        | Killed a demonic crawler
  1882 | D        | Killed a demonic crawler
  1883 | D        | Reached skill level 15 in Spellcasting
  2087 | D        | Found the +6 shillelagh "Devastator" {shatter}
  2099 | D        | Learned a level 3 spell: Stone Arrow
  2108 | D        | Reached skill level 17 in Fire Magic
  2213 | D        | Noticed a lindwurm
  2216 | D        | Killed a lindwurm
  2216 | D        | Reached ****** piety under Sif Muna
  2274 | D        | Received a gift from Sif Muna
  2275 | D        | Reached skill level 5 in Invocations
  2275 | D        | Got Sif Muna's Guide on Overcast Obstruction {god gift}
  2278 | D        | Received a gift from Sif Muna
  2279 | D        | Got Heohad's Volume of the Doomed Gargoyle {god gift}
  2330 | D        | Noticed a 12-headed hydra
  2341 | D        | Killed a 12-headed hydra
  2342 | D        | Reached XP level 12. HP: 70/70 MP: 13/32
  2430 | D        | Learned a level 5 spell: Freezing Cloud
  2558 | D        | Bought a +4 ring of protection for 504 gold pieces
  2558 | D        | Bought a ring of magical power for 280 gold pieces
  2621 | D        | Noticed a daeva
  2627 | D        | Killed a daeva
  2628 | D        | Reached skill level 1 in Ice Magic
  2674 | D        | Reached skill level 18 in Fire Magic
  2765 | D        | Received a gift from Sif Muna
  2768 | D        | Got Sif Muna's Volume of Arcane Combat and Direction {god
                  | gift}
  2775 | D        | Learned a level 5 spell: Fireball
  2842 | D        | Noticed a fire giant
  2845 | D        | Noticed a fire giant
  2848 | D        | Noticed a fire giant
  2850 | D        | Killed a fire giant
  2862 | D        | Killed a fire giant
  2863 | D        | Reached skill level 1 in Ranged Weapons
  2868 | D        | Killed a fire giant
  3016 | D        | Noticed a fire giant
  3027 | D        | Killed a fire giant
  3028 | D        | Reached skill level 1 in Air Magic
  3231 | D        | Found the +4 dragonskin cloak
  3231 | D        | Noticed Tiamat
  3670 | D        | Received a gift from Sif Muna
  3671 | D        | Reached skill level 19 in Fire Magic
  3675 | D        | Killed a deep elf annihilator
  3676 | D        | Got Komolino's Papyrus of the Combustive Fifth Circle {god
                  | gift}
  3683 | D        | Learned a level 4 spell: Iskenderun's Mystic Blast
  3793 | D        | Noticed a mummy priest
  3794 | D        | Noticed a jiangshi
  3794 | D        | Killed a mummy priest
  3795 | D        | Reached XP level 13. HP: 59/74 MP: 29/35
  3858 | D        | Noticed the 27-headed Lernaean hydra
  3862 | D        | Killed the 27-headed Lernaean hydra
  3862 | D        | Received a gift from Sif Muna
  3930 | D        | Identified the ring "Tefreth" {rPois rF+ rC+ rN+ Dex+2
                  | Stlth+}
  3930 | D        | Noticed a deep elf master archer
  3964 | D        | Killed a deep elf master archer
  3965 | D        | Reached skill level 20 in Fire Magic
  3997 | D        | Noticed Lom Lobon
  4404 | D        | Bought a ring of willpower for 350 gold pieces
  4404 | D        | Bought an amulet of guardian spirit for 420 gold pieces
  4404 | D        | Bought a ring of magical power for 280 gold pieces
  4416 | D        | Bought a scroll of blinking for 97 gold pieces
  4420 | D        | Bought 2 potions of haste for 260 gold pieces
  4420 | D        | Bought a potion of mutation for 104 gold pieces
  4420 | D        | Lost mutation: You occasionally shout uncontrollably at
                  | your foes. [potion of mutation]
  4420 | D        | Lost mutation: You are dopey. (Int -2) [potion of mutation]
  4420 | D        | Gained mutation: You occasionally lose the ability to drink
                  | potions when taking damage. [potion of mutation]
  4420 | D        | Gained mutation: Your spells are a little harder to cast,
                  | but a little more powerful. [potion of mutation]
  4420 | D        | Gained mutation: You possess an exceptional clarity of
                  | mind. [potion of mutation]
  4423 | D        | Bought a scroll labelled IBBYQI NITH for 27 gold pieces
  4423 | D        | Bought a potion of heal wounds for 135 gold pieces
  4425 | D        | Bought a glowing amethyst potion for 26 gold pieces
  4425 | D        | Bought a scroll labelled QOGYAT SIBER for 29 gold pieces
  4425 | D        | Bought a scroll labelled XAFI WIX FECH for 29 gold pieces
  4425 | D        | Bought a scroll of butterflies for 116 gold pieces
  4429 | D        | Bought a potion of heal wounds for 50 gold pieces
  4429 | D        | Bought a potion of heal wounds for 50 gold pieces
  4429 | D        | Bought a potion of curing for 30 gold pieces
  4429 | D        | Bought a potion of curing for 30 gold pieces
  4430 | D        | Bought a scroll of identify for 26 gold pieces
  4432 | D        | Bought a puce potion for 25 gold pieces
  4432 | D        | Bought a scroll labelled MIJIAP QOFORAU for 28 gold pieces
  4432 | D        | Bought a clear potion for 25 gold pieces
  4433 | D        | Bought a scroll of identify for 22 gold pieces
  4433 | D        | Bought a scroll of identify for 22 gold pieces
  4442 | D        | Bought a scroll of identify for 54 gold pieces
  4442 | D        | Bought a scroll of identify for 54 gold pieces
  4450 | D        | Bought a potion of invisibility for 88 gold pieces
  4526 | D        | Found the ring of Shadows {Umbra +Inv Stlth+}
  4526 | D        | Noticed a shadow dragon
  4526 | D        | Noticed a golden dragon
  4534 | D        | Killed a shadow dragon
  4535 | D        | Reached skill level 10 in Invocations
  4536 | D        | Killed a golden dragon
  4607 | D        | Found Ureps's Assorted Antiques.
  4623 | D        | Bought a brown potion for 15 gold pieces
  4698 | D        | Identified the +3 glaive of the Spheres {venom, rN+ Dex+3}
  4715 | D        | Killed Lom Lobon
  4716 | D        | Reached skill level 15 in Invocations
  4920 | D        | Got the Textbook on Ruinous Modification
  5257 | D        | Killed a lorocyproca
  5581 | D        | Killed Tiamat
  5678 | D        | Gained mutation: You sometimes lose the ability to drink
                  | potions when taking damage. [a shining eye]
  5680 | D        | Reached XP level 14. HP: 81/81 MP: 33/37
  5686 | D        | Found Otta Dea's Magic Scroll Shop.
  5686 | D        | Found Ywur's Armour Shoppe.
  5686 | D        | Found Sixoyz's Book Boutique.
  5686 | D        | Found Mebufu's Weapon Emporium.
  5702 | D        | Bought a scroll of acquirement for 520 gold pieces
  5702 | D        | Bought a scroll of blinking for 75 gold pieces
  5703 | D        | Acquired the +0 buckler "Xoloicepn" {rPois}
  5744 | D        | Learned a level 3 spell: Ozocubu's Armour
  5752 | D        | Learned a level 7 spell: Orb of Destruction
  5823 | D        | Got the Orb of Zot
  5927 | D        | Noticed an Ice Fiend
  5930 | D        | Killed an Ice Fiend
  5998 | D        | Received a gift from Sif Muna
  5999 | D        | Got Sif Muna's Directory of Attacks {god gift}
  6233 | D        | Noticed an Orb Guardian
  6238 | D        | Noticed a hellephant
  6239 | D        | Killed an Orb Guardian
  6240 | D        | Reached skill level 15 in Conjurations
  6246 | D        | Killed a hellephant
  6247 | D        | Reached skill level 5 in Shields
  6388 | D        | Noticed an Orb Guardian
  6390 | D        | Killed an Orb Guardian
  6398 | D        | Received a gift from Sif Muna
  6448 | D        | Noticed Orphudar the pandemonium lord
  6448 | D        | Noticed a lich
  6449 | D        | Escaped with the Orb!

Illustrated notes

Levels and vault maps discovered:
D:        dungeon_sprint_1 [red_sonja_temple_1, red_sonja_temple_small_1]

Skill      XL: |  1  2  3  4  5  6  7  8  9 10 11 12 13 14 |
---------------+-------------------------------------------+-----
Conjurations   | 2 4 5 6 8 9 10 12 13 14 15 | 15.5
Fire Magic     | 5 7 9 10 11 13 14 15 17 19 20 | 20.9
Dodging        | 3 4 5 6 8 9 |  9.5
Spellcasting   | 4 5 6 8 10 11 13 16 18 19 | 19.8
Hexes          | 1 2 3 6 7 |  7.1
Evocations     | 1 2 |  2.5
Fighting       | 1 2 |  2.1
Invocations    | 1 5 8 15 | 15.8
Throwing       | 1 |  1.2
Ice Magic      | 4 |  4.0
Ranged Weapons | 1 |  1.4
Air Magic      | 1 |  1.1
Stealth        | 6 |  6.9
Shields        | 6 |  6.4
Earth Magic    | |  0.5
Poison Magic   | |  0.7

Action                     |  1- 3 |  4- 6 |  7- 9 | 10-12 | 13-15 || total
---------------------------+-------+-------+-------+-------+-------++-------
  Melee: Unarmed           |    12 |       |       |       |       ||    12
         Tentacles         |     4 |       |       |       |       ||     4
         Constrict         |     1 |       |       |       |       ||     1
         Staff             |       |       |       |       |     1 ||     1
   Fire: Shortbow          |       |       |       |     2 |       ||     2
  Throw: Dart              |       |       |       |     5 |       ||     5
   Cast: Scorch            |     4 |     6 |     8 |    77 |    25 ||   120
         Inner Flame       |     1 |     1 |     5 |    28 |     2 ||    37
         Foxfire           |       |     2 |     5 |    41 |    11 ||    59
         Flame Wave        |       |     1 |     1 |    16 |     1 ||    19
         Mephitic Cloud    |       |       |       |     5 |     2 ||     7
         Starburst         |       |       |       |    13 |    23 ||    36
         Ignition          |       |       |       |     1 |    12 ||    13
         Stone Arrow       |       |       |       |    14 |       ||    14
         Fireball          |       |       |       |     6 |    24 ||    30
         Freezing Cloud    |       |       |       |     2 |     1 ||     3
         Fire Storm        |       |       |       |       |     6 ||     6
         Iskenderun's Myst |       |       |       |       |     6 ||     6
         Orb of Destructio |       |       |       |       |     3 ||     3
         Ozocubu's Armour  |       |       |       |       |     2 ||     2
 Invoke: Channel Magic     |       |       |       |     2 |     7 ||     9
         Divine Exegesis   |       |       |       |       |     6 ||     6
  Evoke: Wand              |       |       |     3 |     3 |     3 ||     9
    Use: Potion            |     2 |       |     2 |     1 |    12 ||    17
         Scroll            |     1 |       |       |     4 |    14 ||    19
   Stab: Sleeping          |     1 |       |       |       |       ||     1
 Armour: Skin              |       |       |       |     3 |     1 ||     4
  Dodge: Dodged            |     6 |       |     4 |    18 |     1 ||    29

Table legend: (Time is in decaauts)
 A = Elapsed time spent in this place.
 B = Non-inter-level travel time spent in this place.
 C = Inter-level travel time spent in this place.
 D = Time resting spent in this place.
 E = Time spent auto-exploring this place.
 F = Levels seen in this place.
 G = Mean time per level.
                   A        B        C        D        E       F      G
               +--------+--------+--------+--------+--------+-----+--------+
         Total |   6411 |   6262 |    149 |   3286 |      0 |   1 | 6411.0 |
       Dungeon |   6411 |   6262 |    149 |   3286 |      0 |   1 | 6411.0 |
               +--------+--------+--------+--------+--------+-----+--------+

Top non-repeatable levels by time:
       D: 6411 daAuts
